HSSL
BISHOP GORMAN HS BALBASAURS @ COWETA HS TIGERS
04/07/2026
 
TOP OF THE 1ST
Bishop Gorman HS Balbasaurs batting - Pitching for Coweta HS Tigers : RHP Vic Curtis
Pitching: RHP Vic Curtis
Batting: RHB Steve Murphy 0-0: Ball
1-0: Swinging Strike
1-1: Fly out, F4 (Popup, 4MD)
Batting: RHB Jake Rutledge 0-0: Called Strike
0-1: Ball
1-1: Called Strike
1-2: Strikes out looking
Batting: LHB Jean-Sébastien Beaudin 0-0: Ball
1-0: Ground out 4-3 (Groundball, 4)
Top of the 1st over - 0 run(s), 0 hit(s), 0 error(s), 0 left on base; Bishop Gorman HS 0 - Coweta HS 0
BOTTOM OF THE 1ST
Coweta HS Tigers batting - Pitching for Bishop Gorman HS Balbasaurs : RHP Patrick Lloyd
Pitching: RHP Patrick Lloyd
Batting: LHB Jamie Walker 0-0: Foul Ball, location: 2F
0-1: Ball
1-1: Ground out 4-3 (Groundball, 34)
Batting: RHB Dusty Green 0-0: Ball
1-0: Called Strike
1-1: Ball
2-1: Ground out 5-3 (Groundball, 56S)
Batting: RHB Kevin Burris 0-0: Called Strike
0-1: Ball
1-1: Ball
2-1: Swinging Strike
2-2: SINGLE (Groundball, 5D)
Batting: LHB John Jones 0-0: Foul Ball, location: 2F
0-1: SINGLE (Groundball, 6M)
Kevin Burris to second
Batting: RHB Brian Andrews 0-0: Ball
1-0: Swinging Strike
1-1: Foul Ball, location: 2F
1-2: Foul Ball, location: 2F
1-2: Strikes out swinging
Bottom of the 1st over - 0 run(s), 2 hit(s), 0 error(s), 2 left on base; Bishop Gorman HS 0 - Coweta HS 0
TOP OF THE 2ND
Bishop Gorman HS Balbasaurs batting - Pitching for Coweta HS Tigers : RHP Vic Curtis
Batting: RHB Max Kimball 0-0: Foul Ball, location: 2F
0-1: Ground out 6-3 (Groundball, 6M)
Batting: RHB Sidney Gilbert 0-0: Called Strike
0-1: SOLO HOME RUN (Line Drive, 78XD), Distance : 421 ft
Batting: LHB Zhen-bang Rao 0-0: Ball
1-0: Foul Ball, location: 2F
1-1: Ball
2-1: Ball
3-1: SINGLE (Line Drive, 6)
Batting: RHB Ramón Chávez 0-0: Called Strike
0-1: Ball
1-1: Called Strike
1-2: Ball
2-2: 2-RUN HOME RUN (Flyball, 7D), Distance : 386 ft
Batting: RHB Mario Ramírez 0-0: Fly out, F7 (Flyball, 78M)
Batting: RHB Bryan Martínez 0-0: Called Strike
0-1: Ball
1-1: Fly out, F8 (Line Drive, 8RD)
Top of the 2nd over - 3 run(s), 3 hit(s), 0 error(s), 0 left on base; Bishop Gorman HS 3 - Coweta HS 0
BOTTOM OF THE 2ND
Coweta HS Tigers batting - Pitching for Bishop Gorman HS Balbasaurs : RHP Patrick Lloyd
Batting: RHB Eddie Fisher 0-0: Foul Ball, location: 2F
0-1: Ball
1-1: Swinging Strike
1-2: Fly out, F4 (Popup, 34)
Batting: RHB Bill Tremblay 0-0: Called Strike
0-1: Called Strike
0-2: Ball
1-2: Foul Ball, location: 2F
1-2: Ground out 5-3 (Groundball, 56)
Batting: RHB Arthur Salyers 0-0: Called Strike
0-1: Ball
1-1: SINGLE (Groundball, 6MD)
Batting: RHB Todd Slater 0-0: Ball
1-0: Ball
2-0: Swinging Strike
2-1: Ball
3-1: Foul Ball, location: 2F
3-2: Base on Balls
Arthur Salyers to second
Batting: LHB Jamie Walker 0-0: Ball
1-0: Ball
2-0: Called Strike
2-1: Ball
3-1: Base on Balls
Arthur Salyers to third
Todd Slater to second
Batting: RHB Dusty Green 0-0: Hit by Pitch
Arthur Salyers scores
Todd Slater to third
Jamie Walker to second
Batting: RHB Kevin Burris 0-0: Ball
1-0: Swinging Strike
1-1: Called Strike
1-2: Ball
2-2: Foul Ball, location: 2F
2-2: Strikes out swinging
Bottom of the 2nd over - 1 run(s), 1 hit(s), 0 error(s), 3 left on base; Bishop Gorman HS 3 - Coweta HS 1
TOP OF THE 3RD
Bishop Gorman HS Balbasaurs batting - Pitching for Coweta HS Tigers : RHP Vic Curtis
Batting: RHB Steve Murphy 0-0: Ball
1-0: Ground out 6-3 (Groundball, 6)
Batting: RHB Jake Rutledge 0-0: Ground out U3 (Groundball, 3)
Batting: LHB Jean-Sébastien Beaudin 0-0: Ball
1-0: Called Strike
1-1: Ball
2-1: Ball
3-1: Base on Balls
Batting: RHB Max Kimball 0-0: Ball
1-0: 2-RUN HOME RUN (Flyball, 78XD), Distance : 422 ft
Batting: RHB Sidney Gilbert 0-0: SINGLE (Groundball, 56D)
Batting: LHB Zhen-bang Rao 0-0: Ball
1-0: Ball
2-0: Called Strike
Sidney Gilbert is caught stealing 2nd base
Top of the 3rd over - 2 run(s), 2 hit(s), 0 error(s), 0 left on base; Bishop Gorman HS 5 - Coweta HS 1
BOTTOM OF THE 3RD
Coweta HS Tigers batting - Pitching for Bishop Gorman HS Balbasaurs : RHP Patrick Lloyd
Batting: LHB John Jones 0-0: Foul Ball, location: 2F
0-1: Foul Ball, location: 2F
0-2: Ball
1-2: Foul Ball, location: 2F
1-2: Strikes out swinging
Batting: RHB Brian Andrews 0-0: Called Strike
0-1: Ball
1-1: Foul Ball, location: 2F
1-2: Fly out, F6 (Popup, 6MD)
Batting: RHB Eddie Fisher 0-0: Ball
1-0: Ball
2-0: Called Strike
2-1: Ball
3-1: Base on Balls
Batting: RHB Bill Tremblay 0-0: SINGLE (Groundball, 15S) (infield hit)
Eddie Fisher to second
Batting: RHB Arthur Salyers 0-0: Called Strike
0-1: Foul Ball, location: 2F
0-2: Ball
1-2: Ball
2-2: Strikes out swinging
Bottom of the 3rd over - 0 run(s), 1 hit(s), 0 error(s), 2 left on base; Bishop Gorman HS 5 - Coweta HS 1
TOP OF THE 4TH
Bishop Gorman HS Balbasaurs batting - Pitching for Coweta HS Tigers : RHP Vic Curtis
Batting: LHB Zhen-bang Rao 0-0: Ball
1-0: Ground out 5-3 (Groundball, 56)
Batting: RHB Ramón Chávez 0-0: Ball
1-0: Ball
2-0: Ground out 5-3 (Groundball, 56)
Batting: RHB Mario Ramírez 0-0: Called Strike
0-1: Ball
1-1: Ball
2-1: Called Strike
2-2: Foul Ball, location: 2F
2-2: Fly out, F8 (Flyball, 89M)
Top of the 4th over - 0 run(s), 0 hit(s), 0 error(s), 0 left on base; Bishop Gorman HS 5 - Coweta HS 1
BOTTOM OF THE 4TH
Coweta HS Tigers batting - Pitching for Bishop Gorman HS Balbasaurs : RHP Patrick Lloyd
Batting: RHB Todd Slater 0-0: Ball
1-0: Ball
2-0: Called Strike
2-1: Foul Ball, location: 2F
2-2: Strikes out looking
Batting: LHB Jamie Walker 0-0: Ball
1-0: Ball
2-0: Foul Ball, location: 2F
2-1: SINGLE (Groundball, 34)
Batting: RHB Dusty Green 0-0: Called Strike
Throwing error on steal attempt, E2
Jamie Walker to third
0-1: Ground out 6-3 (Groundball, 6)
Jamie Walker scores
Batting: RHB Kevin Burris 0-0: SOLO HOME RUN (Flyball, 78XD), Distance : 436 ft
Batting: LHB John Jones 0-0: Ball
1-0: Called Strike
1-1: Ball
2-1: Ball
3-1: Base on Balls
Pitching: RHP Rafael Moreno
Batting: RHB Brian Andrews 0-0: Ball
1-0: Called Strike
1-1: Ball
2-1: Ball
3-1: Ground out 5-3 (Groundball, 56S)
Bottom of the 4th over - 2 run(s), 2 hit(s), 1 error(s), 1 left on base; Bishop Gorman HS 5 - Coweta HS 3
TOP OF THE 5TH
Bishop Gorman HS Balbasaurs batting - Pitching for Coweta HS Tigers : RHP Vic Curtis
Batting: RHB Bryan Martínez 0-0: Ball
1-0: Foul Ball, location: 2F
1-1: Fly out, F4 (Line Drive, 4M)
Batting: RHB Steve Murphy 0-0: Ball
1-0: Foul Ball, location: 2F
1-1: SINGLE (Line Drive, 9S)
Batting: RHB Jake Rutledge 0-0: Called Strike
0-1: Ball
1-1: Fly out, F9 (Flyball, 9M)
Batting: LHB Jean-Sébastien Beaudin 0-0: Ball
1-0: Called Strike
Steve Murphy is caught stealing 2nd base
Top of the 5th over - 0 run(s), 1 hit(s), 0 error(s), 0 left on base; Bishop Gorman HS 5 - Coweta HS 3
BOTTOM OF THE 5TH
Coweta HS Tigers batting - Pitching for Bishop Gorman HS Balbasaurs : RHP Rafael Moreno
Batting: RHB Eddie Fisher 0-0: Foul Ball, location: 2F
0-1: Called Strike
0-2: Ground out 4-3 (Groundball, 4)
Batting: RHB Bill Tremblay 0-0: Ball
1-0: Called Strike
1-1: Fly out, F9 (Flyball, 8RM)
Batting: RHB Arthur Salyers 0-0: Ball
1-0: Foul Ball, location: 2F
1-1: Ball
2-1: Ball
3-1: SINGLE (Line Drive, 78S)
Batting: RHB Todd Slater 0-0: Ball
Arthur Salyers steals 2nd base
1-0: Foul Ball, location: 2F
1-1: Fly out, F7 (Line Drive, 7LM)
Bottom of the 5th over - 0 run(s), 1 hit(s), 0 error(s), 1 left on base; Bishop Gorman HS 5 - Coweta HS 3
TOP OF THE 6TH
Bishop Gorman HS Balbasaurs batting - Pitching for Coweta HS Tigers : RHP Vic Curtis
Batting: LHB Jean-Sébastien Beaudin 0-0: Ball
1-0: SINGLE (Groundball, 5D)
Batting: RHB Max Kimball 0-0: Ball
1-0: Called Strike
1-1: Ball
2-1: Foul Ball, location: 2F
2-2: Reached on error, E6 (Groundball, 6M)
Jean-Sébastien Beaudin to second
Batting: RHB Sidney Gilbert 0-0: Ball
1-0: Ball
Jean-Sébastien Beaudin steals 3rd base
Max Kimball to second
2-0: Fly out, F7 (Flyball, 7M)
Runner from 3rd tags up, SCORES, no throw
Batting: LHB Zhen-bang Rao 0-0: Ball
1-0: SINGLE (Groundball, 56D)
Max Kimball to third
Batting: RHB Ramón Chávez 0-0: Ball
1-0: Ball
2-0: Called Strike
2-1: Called Strike
2-2: Ball
3-2: Foul Ball, location: 2F
3-2: Strikes out swinging
Zhen-bang Rao is caught stealing 2nd base
Batter strikes out.
Top of the 6th over - 1 run(s), 2 hit(s), 1 error(s), 1 left on base; Bishop Gorman HS 6 - Coweta HS 3
BOTTOM OF THE 6TH
Coweta HS Tigers batting - Pitching for Bishop Gorman HS Balbasaurs : RHP Rafael Moreno
Batting: LHB Jamie Walker 0-0: Foul Ball, location: 2F
0-1: Ball
1-1: Ball
2-1: Foul Ball, location: 2F
2-2: Ground out 3-1 (Groundball, 34S)
Batting: RHB Dusty Green 0-0: Foul Ball, location: 2F
0-1: Ball
1-1: Ball
2-1: Ball
3-1: Ground out 5-3 (Groundball, 56)
Batting: RHB Kevin Burris 0-0: Fly out, F4 (Line Drive, 4S)
Bottom of the 6th over - 0 run(s), 0 hit(s), 0 error(s), 0 left on base; Bishop Gorman HS 6 - Coweta HS 3
TOP OF THE 7TH
Bishop Gorman HS Balbasaurs batting - Pitching for Coweta HS Tigers : RHP Vic Curtis
Pitching: RHP Dustin Cook
Batting: RHB Mario Ramírez 0-0: Swinging Strike
0-1: Swinging Strike
0-2: Foul Ball, location: 2F
0-2: Strikes out swinging
Batting: RHB Bryan Martínez 0-0: Ball
1-0: Foul Ball, location: 2F
1-1: Foul Ball, location: 2F
1-2: Ball
2-2: Strikes out swinging
Batting: RHB Steve Murphy 0-0: Called Strike
0-1: Ball
1-1: Ball
2-1: Ball
3-1: Called Strike
3-2: Foul Ball, location: 2F
3-2: Base on Balls
Batting: RHB Jake Rutledge 0-0: Ball
1-0: Foul Ball, location: 2F
1-1: Ball
2-1: Fielders Choice at 2nd, U4 (Groundball, 4M)
Top of the 7th over - 0 run(s), 0 hit(s), 0 error(s), 1 left on base; Bishop Gorman HS 6 - Coweta HS 3
BOTTOM OF THE 7TH
Coweta HS Tigers batting - Pitching for Bishop Gorman HS Balbasaurs : RHP Rafael Moreno
Pitching: RHP Keith Crabtree
Batting: LHB John Jones 0-0: Called Strike
0-1: Ball
1-1: Foul Ball, location: 2F
1-2: Fly out, F6 (Popup, 6MD)
Batting: RHB Brian Andrews 0-0: Called Strike
0-1: Ball
1-1: Called Strike
1-2: Foul Ball, location: 2F
1-2: Fly out, F7 (Flyball, 78M)
Batting: RHB Eddie Fisher 0-0: Ball
1-0: Foul Ball, location: 2F
1-1: Foul Ball, location: 2F
1-2: Foul Ball, location: 2F
1-2: Strikes out swinging
Bottom of the 7th over - 0 run(s), 0 hit(s), 0 error(s), 0 left on base; Bishop Gorman HS 6 - Coweta HS 3
TOP OF THE 8TH
Bishop Gorman HS Balbasaurs batting - Pitching for Coweta HS Tigers : RHP Dustin Cook
Batting: LHB Jean-Sébastien Beaudin 0-0: Ball
1-0: Swinging Strike
1-1: Fly out, F8 (Flyball, 8RD)
Batting: RHB Max Kimball 0-0: Called Strike
0-1: Swinging Strike
0-2: Foul Ball, location: 2F
0-2: Strikes out swinging
Batting: RHB Sidney Gilbert 0-0: Called Strike
0-1: Ground out 6-3 (Groundball, 6M)
Top of the 8th over - 0 run(s), 0 hit(s), 0 error(s), 0 left on base; Bishop Gorman HS 6 - Coweta HS 3
BOTTOM OF THE 8TH
Coweta HS Tigers batting - Pitching for Bishop Gorman HS Balbasaurs : RHP Keith Crabtree
Batting: RHB Bill Tremblay 0-0: Ground out 2-3 (Groundball, 2L)
Batting: RHB Arthur Salyers 0-0: Ball
1-0: Fly out, F9 (Flyball, 9LM)
Batting: RHB Todd Slater 0-0: Ball
1-0: Called Strike
1-1: Ball
2-1: Called Strike
2-2: Ball
3-2: Strikes out swinging
Bottom of the 8th over - 0 run(s), 0 hit(s), 0 error(s), 0 left on base; Bishop Gorman HS 6 - Coweta HS 3
TOP OF THE 9TH
Bishop Gorman HS Balbasaurs batting - Pitching for Coweta HS Tigers : RHP Dustin Cook
Batting: LHB Zhen-bang Rao 0-0: Ball
1-0: Foul Ball, location: 2F
1-1: Ball
2-1: Ball
3-1: Base on Balls
Batting: RHB Ramón Chávez 0-0: Sac Bunt - play at first, batter OUT! 2-3
Zhen-bang Rao to second
Batting: RHB Mario Ramírez 0-0: Ball
1-0: SINGLE (Groundball, 56D)
Zhen-bang Rao to third
Batting: RHB Bryan Martínez 0-0: Ball
1-0: SINGLE (Groundball, 4MS)
Zhen-bang Rao scores
Mario Ramírez to second
Batting: RHB Steve Murphy 0-0: Called Strike
0-1: Foul Ball, location: 2F
0-2: Ball
Wild Pitch!
Mario Ramírez to third
Bryan Martínez to second
1-2: Strikes out swinging
Batting: RHB Jake Rutledge 0-0: Called Strike
0-1: Ball
1-1: Swinging Strike
1-2: Strikes out swinging
Top of the 9th over - 1 run(s), 2 hit(s), 0 error(s), 2 left on base; Bishop Gorman HS 7 - Coweta HS 3
BOTTOM OF THE 9TH
Coweta HS Tigers batting - Pitching for Bishop Gorman HS Balbasaurs : RHP Keith Crabtree
Batting: LHB Jamie Walker 0-0: Ball
1-0: Ball
2-0: Ball
3-0: Called Strike
3-1: Called Strike
3-2: Base on Balls
Batting: RHB Dusty Green 0-0: Foul Ball, location: 2F
0-1: Ball
1-1: Called Strike
1-2: Ball
2-2: Fly out, F8 (Line Drive, 8RM)
Batting: RHB Kevin Burris 0-0: Reached on error, E4 (Groundball, 4)
Jamie Walker to second
Pitching: RHP Dexter Miller
Batting: LHB John Jones 0-0: Ball
1-0: Called Strike
1-1: Ball
2-1: 3-RUN HOME RUN (Line Drive, 9D), Distance : 397 ft
Batting: RHB Brian Andrews 0-0: Ball
1-0: Ball
2-0: Called Strike
2-1: Foul Ball, location: 2F
2-2: Fly out, F8 (Flyball, 8RM)
Batting: RHB Eddie Fisher 0-0: Ball
1-0: Called Strike
1-1: Reached on error, E4 (Groundball, 4)
Batting: RHB Bill Tremblay 0-0: 2-RUN HOME RUN (Flyball, 7LD), Distance : 346 ft
Monday, December 5th, 2016 - OOTP Baseball 17.12 Build 75